 Dungeon Crawl Stone Soup version 0.31-a0-968-g24f9ace8b5 (webtiles) character file.

Game seed: 5868656465899460386

52 timneilson the Shield-Bearer (level 3, -2/23 HPs)
             Began as a Gargoyle Fighter on Oct 27, 2023.
             Slain by Terence
             ... wielding a +0 morningstar
              (6 damage)
             ... on level 2 of the Dungeon.
             The game lasted 00:01:55 (1655 turns).

timneilson the Shield-Bearer (Gargoyle Fighter)     Turns: 1655, Time: 00:01:55

Health: -2/23      AC: 12    Str: 19    XL:     3   Next: 85%
Magic:  3/3        EV:  7    Int:  8    God:
Gold:   72         SH:  4    Dex: 11    Spells: 2/2 levels left

rFire   . . .        a - +0 long sword
rCold   . . .        c - +0 buckler
rNeg    + . .        g - +0 chain mail
rPois   ∞            (no helmet)
rElec   +            (no cloak)
rCorr   .            (no gloves)
SInv    .            (no boots)
Will    .....        (no amulet) Stlth
                     (no ring)
HPRegen 0.23/turn    (no ring)
MPRegen 0.08/turn

%: no passive effects
@: no status effects
A: sickness immunity, AC +3, negative energy resistance 1, electricity
resistance, torment resistance 1, petrification resistance
a: no special abilities


You were on level 2 of the Dungeon.
You visited 1 branch of the dungeon, and saw 2 of its levels.

You collected 72 gold pieces.

Inventory:

Hand Weapons
 a - a +0 long sword (weapon)
Armour
 c - a +0 buckler (worn)
 g - a +0 chain mail (worn)
Scrolls
 b - a scroll of teleportation {unknown}
 e - 2 scrolls of identify
 f - a scroll of poison
Potions
 d - 2 potions of might
 i - a potion of enlightenment {unknown}
 j - a potion of invisibility {unknown}
 k - a potion of brilliance {unknown}


   Skills:
 + Level 3.6 Fighting
 * Level 2.2 Long Blades
 * Level 3.8 Armour
 + Level 0.5 Dodging
 * Level 3.9 Shields


You had 2 spell levels left.
You didn't know any spells.
Your spell library contained the following spells:

 Spells                   Type           Power      Damage    Failure   Level
 Sandblast                Erth           0%         2d4       99%         1
 Brom's Barrelling Bould  Conj/Erth      0%         2d3       100%        4
 Lee's Rapid Deconstruct  Erth           0%         3d4*      100%        5
 Metabolic Englaciation   Hex/Ice        0%         N/A       100%        5


Dungeon Overview and Level Annotations

Branches:
Dungeon (2/15)

Altars:

Annotations:
D:2 Terence


Innate Abilities, Weirdness & Mutations

You are immune to sickness and miasma.
Your stone body is resilient. (AC +3)
You are immune to poison.
You resist negative energy. (rN+)
You are resistant to electric shocks. (rElec)
You are resistant to unholy torment.
You are immune to petrification.


Message History

Terence shouts!
You hear a shout!
Terence says, "Time to say good-bye..."
You slash the ball python!
You kill the ball python!
A kobold comes into view.
It is wielding a +0 whip and wearing the +8 chain mail of Xulasket {Dex+2}.
The kobold throws a stone.
The stone hits you but does no damage. Terence hits you with a +0 morningstar.
You closely miss Terence. You block Terence's attack.
You hit Terence but do no damage. You block Terence's attack.
The kobold throws a stone.
The stone closely misses you.
You hit Terence but do no damage. Terence hits you with a +0 morningstar!
The kobold throws a stone.
The stone barely misses you. Terence hits you with a +0 morningstar.
A hobgoblin comes into view.
You are too injured to fight recklessly!
You are too injured to fight recklessly!
You are too injured to fight recklessly!
You are too injured to fight recklessly!
You are too injured to fight recklessly!
You are too injured to fight recklessly!
You are too injured to fight recklessly!
You are too injured to fight recklessly!
You are too injured to fight recklessly!
You are too injured to fight recklessly!
You are too injured to fight recklessly!
You are too injured to fight recklessly!
You are too injured to fight recklessly!
You are too injured to fight recklessly!
You are too injured to fight recklessly!
You are too injured to fight recklessly!
Unknown command.
The kobold throws a stone.
The stone hits you.
Terence asks, "Do you want it fast or slow?"
Terence attacks as he pursues you! Terence hits you but does no damage.
The kobold throws a stone.
The stone hits you but does no damage.
Terence says, "Don't bother to defend, it's useless."
Terence attacks as he pursues you! Terence hits you with a +0 morningstar.
* * * LOW HITPOINT WARNING * * *
Terence attacks as he pursues you! Terence hits you with a +0 morningstar.
You die...

#..............<##
#.....÷.......[.##
#...............##
#...............##
#.#.#####.......## #.#.#
#....##### #.#.# ##########
#.#.# #........ ... #@#.#
#........ .... #@#.# #........
...)########.#.# ####........
#.............# #...........
#...........### #.#.........
#......)....#####.#.....##..
#####...........#...........##.#
..........K.....#.####......##.#
...............##.# #......##.#


You could see Terence.

Vanquished Creatures
  An adder (D:2)
  A dart slug (D:1)
  6 ball pythons
  A giant cockroach (D:2)
  5 goblins
  A hobgoblin (D:2)
  4 jackals (D:2)
  3 quokkas (D:2)
  5 bats
  3 frilled lizards
  6 kobolds
  A rat (D:1)
37 creatures vanquished.

Notes
Turn   | Place    | Note
-------+----------+-------------------------------------------
     0 | D:1      | timneilson the Gargoyle Fighter began the quest for the
                  | Orb.
     0 | D:1      | Reached XP level 1. HP: 14/14 MP: 1/1
   293 | D:1      | Reached XP level 2. HP: 19/19 MP: 2/2
   350 | D:1      | Got the Quarto of the Grey Fair Folk
  1131 | D:2      | Reached XP level 3. HP: 23/23 MP: 3/3
  1496 | D:2      | Found a faded altar of an unknown god.
  1638 | D:2      | Noticed Terence
  1640 | D:2      | Identified the +8 chain mail of Xulasket {Dex+2}
  1655 | D:2      | Slain by Terence

Illustrated notes

Levels and vault maps discovered:
D:1:      amcnicky_arrival_blooded_trapdoor, layout_basic
D:2:      layout_basic, ebering_ecumenical_altar_rust, uniq_terence

Skill      XL: |  1 |
---------------+----+-----
Long Blades    | 2 |  2.2
Fighting       | |  3.6
Armour         | |  3.8
Dodging        | |  0.5
Shields        | |  3.9

Action                     || total
---------------------------++-------
  Melee: Long sword        ||   155
    Use: Scroll            ||     3
 Armour: Scale mail        ||    79
         Chain mail        ||    47
  Dodge: Dodged            ||    72
  Block: Buckler           ||    37

Table legend: (Time is in decaauts)
 A = Elapsed time spent in this place.
 B = Non-inter-level travel time spent in this place.
 C = Inter-level travel time spent in this place.
 D = Time resting spent in this place.
 E = Time spent auto-exploring this place.
 F = Levels seen in this place.
 G = Mean time per level.
                   A        B        C        D        E       F      G
               +--------+--------+--------+--------+--------+-----+--------+
         Total |   1707 |   1665 |     42 |      0 |   1291 |   2 |  853.5 |
       Dungeon |   1707 |   1665 |     42 |      0 |   1291 |   2 |  853.5 |
               +--------+--------+--------+--------+--------+-----+--------+

Top non-repeatable levels by time:
     D:1: 1074 daAuts
     D:2: 632 daAuts
